Map: Lerilak Crest

Players

KreiSy

  • Race: Zerg Zerg
  • League: Bronze

wabbajack - Winner!

  • Race: Zerg Zerg
  • League: Bronze

VOD

Have the link to the VOD?

Description

Time

  • Played on: July 16, 2015, 7:29 p.m.
  • Length: 6:02
Show
View Real Time Build Order
Export as new Build Order

KreiSy Zerg 

Build Orders: Hatch First 

Get SALT Encoding   

  12  0:01  Drone  
  13  0:12  Overlord  
  13  0:19  Drone  
  14  0:32  Drone x2  
  16  0:37  Drone  
  17  0:45  Drone  
  18  0:56  Drone  
  19  1:06  Extractor  
  19  1:07  Hatchery, Drone  
  18  1:23  Drone  
  18  1:25  Spawning Pool  
  18  1:29  Drone  
  19  1:46  Overlord  
  19  1:50  Drone  
  20  2:01  Drone  
  21  2:11  Queen  
  21  2:13  Drone  
  24  2:19  Queen  
  24  2:21  Drone  
  27  2:26  Drone  
  29  2:37  Drone x2  
  29  2:38  Metabolic Boost  
  30  2:45  Drone x2  
  32  2:55  Queen  
  32  2:56  Drone  
  32  2:57  Drone  
  36  3:09  Overlord  
  36  3:11  Overlord  
  36  3:15  Hatchery  
  36  3:16  Drone  
  36  3:22  Overlord  
  36  3:30  Drone  
  36  3:31  Drone x6  
  36  3:32  Drone  
  44  3:36  Drone  
  44  3:39  Extractor  
  44  3:40  Extractor  
  43  3:44  Drone x2  
  43  3:48  Roach Warren  
  44  3:51  Drone x2  
  46  3:57  Lair  
  46  4:07  Overlord  
  46  4:12  Drone  
  46  4:13  Drone x7  
  54  4:21  Drone x2  
  56  4:30  Roach x2  
  60  4:39  Roach x3  
  60  4:40  Roach x4  
  74  4:50  Evolution Chamber  
  74  4:52  Drone  
  74  4:53  Evolution Chamber, Overlord x3  
  73  5:08  Overlord  
  73  5:10  Drone  
  72  5:15  Roach x3  
  72  5:16  Roach x2  
  82  5:24  Roach  
  82  5:25  Roach x4  
  86  5:33  Roach x2  
  86  5:34  Roach x3  
  88  5:42  Roach x2  
  90  5:43  Roach  
Show
View Real Time Build Order
Export as new Build Order

wabbajack Zerg - Winner!

Build Orders: Hatch First 

Get SALT Encoding   

  12  0:01  Drone  
  13  0:13  Overlord  
  13  0:19  Drone  
  14  0:26  Drone, Extractor  
  15  0:32  Drone  
  16  0:36  Drone  
  17  0:55  Hatchery  
  16  0:57  Extractor  
  16  0:58  Drone  
  16  1:03  Drone  
  17  1:10  Drone  
  18  1:20  Spawning Pool  
  18  1:25  Drone  
  18  1:30  Drone  
  19  1:39  Overlord  
  19  1:52  Drone  
  20  2:01  Drone  
  21  2:07  Queen  
  21  2:08  Queen  
  23  2:10  Metabolic Boost  
  23  2:12  Drone  
  23  2:15  Drone  
  27  2:24  Spine Crawler  
  27  2:27  Drone  
  27  2:28  Drone  
  28  2:32  Drone  
  28  2:34  Drone  
  30  2:39  Drone  
  31  2:46  Queen  
  33  2:54  Roach Warren  
  32  3:03  Overlord x2  
  32  3:23  Overlord  
  32  3:26  Overlord  
  32  3:32  Zergling x2  
  32  3:33  Zergling x2  
  34  3:36  Roach  
  34  3:37  Roach x3  
  42  3:44  Roach  
  42  3:45  Roach x3  
  50  4:09  Roach  
  60  4:10  Roach x5  
  60  4:17  Overlord x2  
  61  4:42  Hatchery  
  60  4:46  Zergling x2  
  60  4:47  Zergling x12  
  67  5:01  Zergling x2  
  67  5:02  Zergling x12  
  74  5:07  Overlord  
  69  5:44  Drone x2  
  69  5:45  Drone x10  
  71  6:00  Ravager  
Tags
 
Add a new tag
Caveats
  • Supply blocks, unpowered buildings, or Contaminate may cause inaccurate times.
  • Supply counts are checked every 10 seconds.